 Dungeon Crawl Stone Soup version 0.17.0-73-gb648821 (webtiles) character file.

297 radek the Digger (level 6, 32/32 HPs)
             Began as a Gargoyle Earth Elementalist on Dec 1, 2015.
             Quit the game on level 2 of the Dungeon on Dec 9, 2015.
             The game lasted 00:16:49 (5574 turns).

radek the Digger (Gargoyle Earth Elementalist)      Turns: 5574, Time: 00:16:49

Health: 32/32      AC:  7    Str: 12    XL:     6   Next: 35%
Magic:  11/11      EV: 11    Int: 17    God:
Gold:   134        SH:  0    Dex: 10    Spells: 3 memorised, 3 levels left

rFire  . . .     SeeInvis .     w - +0 flail
rCold  . . .     Clarity  .     x - +0 robe
rNeg   + . .     SustAt   .     (no shield)
rPois  ∞         Gourm    .     (no helmet)
rElec  +         Spirit   .     (no cloak)
rCorr  .         Warding  .     (no gloves)
rMut   .         Stasis   .     p - +0 pair of boots
MR     .....                    (no amulet)
Stlth  ++........               (no ring)
                                (no ring)

@: drained, not resistant to hostile enchantments, unstealthy
A: negative energy resistance 1, electricity resistance, unbreathing,
petrification resistance, rot immunity, AC +4
a: no special abilities


You were on level 2 of the Dungeon.
You were not hungry.

You visited 1 branch of the dungeon, and saw 3 of its levels.

You collected 134 gold pieces.

Inventory:

Hand Weapons
 f - a +0 club
 t - a +0 club
 w - a +0 flail (weapon)
Missiles
 b - 106 stones (quivered)
Armour
 a - a +0 robe
 g - a +0 shield
 p - a +0 pair of boots (worn)
 x - a +0 robe (worn)
Wands
 y - a wand of draining (1)
Scrolls
 h - a scroll of immolation {unknown}
 j - 2 scrolls of enchant armour {unknown}
 l - a scroll of identify {unknown}
 s - a scroll of recharging {unknown}
 u - a scroll of remove curse {unknown}
Potions
 e - 4 potions of curing {unknown}
 i - 2 potions of lignification {unknown}
 m - a potion of heal wounds {unknown}
 n - a potion of ambrosia {unknown}
 q - a potion of haste {unknown}
 r - a potion of agility {unknown}
Books
 c - a book of Geomancy

   Spells                             Type                      Level
   a - Sandblast                      Earth                        1
   b - Stoneskin                      Transmutation/Earth          2
   c - Passwall                       Transmutation/Earth          3
   d - Stone Arrow                    Conjuration/Earth            3
   e - Petrify                        Transmutation/Earth          4
   f - Lee's Rapid Deconstruction     Earth                        5
Comestibles
 d - 5 bread rations
 k - 3 fruits
 o - 3 slices of pizza
 v - a meat ration
 z - a chunk of flesh


   Skills:
 - Level 1.5(1.2) Dodging
 - Level 2.1(1.8) Stealth
 + Level 3.6(3.2) Spellcasting
 * Level 4.0(3.6) Conjurations
   Level 0.7(0.3) Transmutations
 + Level 5.5(5.1) Earth Magic


You had 3 spell levels left.
You knew the following spells:

 Your Spells              Type           Power        Failure   Level  Hunger
a - Sandblast             Erth           ###...       2%          1    None
b - Stone Arrow           Conj/Erth      ###...       10%         3    ###....
c - Lee's Rapid Deconstr  Erth           ###.......   71%         5    ######.


Dungeon Overview and Level Annotations

Branches:
Dungeon (3/15)

Altars:


Innate Abilities, Weirdness & Mutations

You are resistant to torment.
Your stone body is resilient (AC +4).
You are immune to poison.
You resist negative energy.
You are resistant to electric shocks.
You can survive without breathing.
You are immune to petrification.
You are immune to rotting.


Message History

a club; a robe; a dagger of venom
There is a stone staircase leading up here.
A giant cockroach is nearby!
You climb upwards.
There is a stone staircase leading down here.
You start resting.
Eating one of 2 chunks of flesh.
This raw flesh tastes terrible.
You continue eating. x2
Magic restored.
You start resting.
HP restored.
Welcome back, radek the Gargoyle Earth Elementalist.
Press ? for a list of commands and other information.
Drink which item? (? for menu, Esc to quit)
Okay, then.
Quiver which item? (- for none, * to show all) (? for menu, Esc to quit)
Okay, then.
Drink which item? (? for menu, Esc to quit)
Okay, then.
Are you sure you want to abandon this character and quit the game? (Confirm with "yes".)

#...# ##...## #÷#
###.# ##'## #.#
#.#
#.############.#
#.#
#.#.........<..#
#.#
##.#.############
#.# ##....#
#.#####.....#
#...........#
##.###.....@.#
#.....[##..###
##.........#
#########.#
#.###########
#.##......[.#
#.##.######.#
##### #.##.# #.##
#...#
#.##.######..###


There were no monsters in sight!

Vanquished Creatures
  The ghost of dohliylev the Stinger, an amateur GrVM (D:3)
  Ijyb (D:3)
  A worker ant (D:3)
  2 orc wizards (D:3)
  6 adders
  2 oozes (D:2)
  2 worms
  An orc (D:3)
  2 ball pythons
  7 bats
  2 giant cockroaches (D:1)
  7 goblins
  6 hobgoblins
  8 jackals
  6 kobolds
  2 giant geckos (D:1)
  3 giant newts (D:1)
  8 rats
67 creatures vanquished.

Vanquished Creatures (others)
  A bat (D:1)
  A hobgoblin (D:1)
  2 kobolds (D:1)
  A rat (D:1)
5 creatures vanquished.

Grand Total: 72 creatures vanquished

Notes
Turn   | Place    | Note
--------------------------------------------------------------
     0 | D:1      | radek the Gargoyle Earth Elementalist began the quest for the Orb.
     0 | D:1      | Reached XP level 1. HP: 10/10 MP: 3/3
   358 | D:1      | Reached XP level 2. HP: 15/15 MP: 5/5
   369 | D:1      | Reached skill level 4 in Earth Magic
   826 | D:1      | Reached XP level 3. HP: 8/19 MP: 6/6
  1250 | D:1      | Learned a level 3 spell: Stone Arrow
  2153 | D:2      | Reached skill level 1 in Conjurations
  2591 | D:2      | Reached XP level 4. HP: 21/24 MP: 8/8
  4016 | D:3      | Reached XP level 5. HP: 15/28 MP: 6/9
  4166 | D:3      | Learned a level 5 spell: Lee's Rapid Deconstruction
  4497 | D:3      | Reached skill level 5 in Earth Magic
  4707 | D:3      | Noticed dohliylev's ghost (amateur GrVM)
  5116 | D:3      | Killed dohliylev's ghost
  5116 | D:3      | Reached XP level 6. HP: 21/32 MP: 1/11
  5414 | D:3      | Noticed Ijyb
  5449 | D:3      | Killed Ijyb
  5574 | D:2      | Upgraded the game from 0.17.0-28-g6e173f8 to 0.17.0-73-gb648821
  5574 | D:2      | Quit the game

Action                   |  1- 3 |  4- 6 || total
-------------------------+-------+-------++-------
Melee: Club              |   200 |   147 ||   347
       Unarmed           |    16 |       ||    16
       Flail             |       |    27 ||    27
 Cast: Sandblast         |    24 |    40 ||    64
       Stone Arrow       |       |     8 ||     8
 Stab: Sleeping          |     4 |     4 ||     8
  Eat: Chunk             |     5 |    11 ||    16
